 Dungeon Crawl Stone Soup version 0.21-a0-137-g951aa02 (webtiles) character file.

37 JHuti the Covered (level 3, -7/34 HPs)
             Began as a Deep Dwarf Fighter on July 18, 2017.
             Mangled by a gnoll
             ... wielding a +0 halberd
              (10 damage)
             ... on level 4 of the Dungeon.
             The game lasted 00:02:18 (1119 turns).

JHuti the Covered (Deep Dwarf Fighter)              Turns: 1119, Time: 00:02:18

Health: -7/34      AC:  7    Str: 20    XL:     3   Next: 23%
Magic:  3/3        EV:  7    Int:  8    God:
Gold:   108        SH:  9    Dex: 12    Spells: 2/2 levels left

rFire    . . .     SeeInvis .   a - +0 war axe
rCold    . . .     Gourm    .   c - +0 shield
rNeg     . . .     Faith    .   b - +0 scale mail
rPois    .         Spirit   .   (no helmet)
rElec    .         Reflect  .   (no cloak)
rCorr    .         Harm     .   (no gloves)
MR       .....                  (no boots)
Stlth    ..........             (no amulet)
HPRegen  0.00/turn              (no ring)
MPRegen  0.08/turn              (no ring)

@: lethally poisoned (-7 -> -7), non-regenerating
A: damage resistance, heal wounds, sense surroundings 1, no regeneration
a: Heal Wounds


You were on level 4 of the Dungeon.
You were not hungry.

You visited 1 branch of the dungeon, and saw 3 of its levels.

You collected 108 gold pieces.

Inventory:

Hand Weapons
 a - a +0 war axe (weapon)
Armour
 b - a +0 scale mail (worn)
 c - a +0 shield (worn)
Scrolls
 e - 2 scrolls of identify {unknown}
 l - a scroll of enchant weapon {unknown}
 m - a scroll of remove curse {unknown}
Potions
 d - a potion of might
 h - a potion of haste {unknown}
 i - 2 potions of heal wounds
 n - 2 potions of degeneration {unknown}
 o - 2 potions of curing {unknown}
Comestibles
 f - 2 bread rations
 g - 3 chunks of flesh
 j - a royal jelly
 k - a meat ration


   Skills:
 + Level 3.1 Fighting
 + Level 3.0 Axes
 + Level 3.8 Armour
 - Level 3.2 Shields


You had 2 spell levels left.
You didn't know any spells.

Dungeon Overview and Level Annotations

Branches:
Dungeon (2/15)

Altars:
Uskayaw
Vehumet


Innate Abilities, Weirdness & Mutations

You are resistant to damage.
You can heal yourself by infusing magical energy.
You passively map a small area around you.
You do not regenerate.


Message History

Your experience leads to an increase in your attributes!
Increase (S)trength, (I)ntelligence, or (D)exterity?
You feel stronger. The scorpion stings you.
* * * LOW HITPOINT WARNING * * *
You are poisoned.
The scorpion poisons you! You block the gnoll's attack.
The scorpion stings you.
You are more poisoned.
The scorpion poisons you!
MP restored: 3 You feel sick.
You take 2 damage, and have 7/34 hp.
You see here a glowing hunting sling.
The gnoll hits you but does no damage. The scorpion stings you.
* * * LOW HITPOINT WARNING * * *
You see here a war axe.
You take 4 damage, and have 3/34 hp.
The gnoll hits you from afar with a halberd!
You die...

** ###############
#.............#
#.............# ,
#.............#
#............>#
#.@...........#
#).g..........#####
,,*
#)sg...............
##.g.....###g#.....
, #.......#.g.#
.... #.......#...#
.. #....†..#...+ ,
, , #.......#..g# ,
,
#.......#...###+##


You could see a scorpion and 3 gnolls.

Vanquished Creatures
  A gnoll (D:4)
  A worm (D:2)
  2 dart slugs (D:1)
  A leopard gecko (D:4)
  3 giant cockroaches
  3 goblins
  A hobgoblin (D:1)
  A quokka (D:4)
  A frilled lizard (D:2)
  2 kobolds (D:1)
  4 rats
20 creatures vanquished.

Notes
Turn   | Place    | Note
-------+----------+-------------------------------------------
     0 | D:1      | JHuti the Deep Dwarf Fighter began the quest for the Orb.
     0 | D:1      | Reached XP level 1. HP: 20/20 MP: 1/1
   275 | D:1      | Reached XP level 2. HP: 21/27 MP: 2/2
   922 | D:2      | Found a hide-covered altar of Uskayaw.
   924 | D:2      | Found a radiant altar of Vehumet.
   963 | D:2      | You fall through a shaft for 2 floors!
  1095 | D:4      | Noticed a scorpion
  1113 | D:4      | Reached XP level 3. HP: 10/34 MP: 3/3
  1119 | D:4      | Mangled by a gnoll

Vault maps used:
D:1:      nicolae_arrival_washed_ashore, minmay_tetromino_s2
D:2:      nicolae_overflow_hidden_temple, first_bread,
          chequers_ecumenical_altar_lobes
D:4:      minmay_temple_entry_statues_pillars, serial_shops,
          kennysheep_mini_moat

Skill      XL: |  1  2 |
---------------+-------+-----
Fighting       | 3 |  3.1
Axes           | 3 |  3.0
Armour         | |  3.8
Shields        | |  3.2

Action                   || total
-------------------------++-------
Melee: War axe           ||    74
 Abil: Heal Wounds       ||     1
  Use: Potion            ||     2
  Eat: Chunk             ||     1
Armor: Scale mail        ||    36
Dodge: Dodged            ||    28
Block: Shield            ||    38
